 Dungeon Crawl Stone Soup version 0.19-a0-1886-gd64a0f0 (webtiles) character file.

610 Alarkh the Magician (level 7, 0/50 HPs)
             Began as a Mummy Skald on Oct 15, 2016.
             Slain by a centaur (7 damage)
             ... on level 5 of the Dungeon.
             The game lasted 00:07:00 (4619 turns).

Alarkh the Magician (Mummy Skald)                   Turns: 4619, Time: 00:07:01

Health: 0/50       AC:  8    Str: 16    XL:     7   Next: 20%
Magic:  7/14       EV: 11    Int: 16    God:
Gold:   141        SH:  0    Dex: 11    Spells: 4 memorised, 7 levels left

rFire  x . .     SeeInvis .     a - +0 spear
rCold  + . .     Gourm    .     r - +2 ring mail {rPois}
rNeg   + + +     Faith    .     (no shield)
rPois  ∞         Spirit   .     (no helmet)
rElec  .         Dismiss  .     d - +0 cloak
rCorr  .         Reflect  .     (no gloves)
MR     .....     Harm     .     (no boots)
Stlth  +.........               (no amulet)
                                j - +3 ring of intelligence (curse)
                                p - +1 ring of evasion

@: singing, very slow
A: no food or potions, fire vulnerability, cold resistance 1, negative energy
resistance 3, torment resistance, unbreathing
a: Stop Singing


You were on level 5 of the Dungeon.
You were not hungry.

You visited 1 branch of the dungeon, and saw 5 of its levels.

You collected 141 gold pieces.

Inventory:

Hand Weapons
 a - a +0 spear (weapon)
Armour
 b - a cursed +0 leather armour
 d - a +0 cloak (worn)
 r - a +2 ring mail of poison resistance (worn)
Jewellery
 g - an uncursed amulet of harm
 j - a cursed +3 ring of intelligence (right hand)
 o - a cursed ring of resist corrosion
 p - a +1 ring of evasion (left hand)
Scrolls
 e - a scroll of identify
 f - 3 scrolls of teleportation
 h - a scroll of fear
 i - a scroll of fog {unknown}
 k - a scroll of immolation {unknown}
 l - a scroll of recharging {unknown}
 m - a scroll of noise {unknown}
 n - 2 scrolls of amnesia {unknown}
 q - a scroll of remove curse
Books
 c - a book of Battle

   Spells                             Type                      Level
   a - Infusion                       Charms                       1
   b - Shroud of Golubria             Charms/Translocation         2
   c - Song of Slaying                Charms                       2
   d - Spectral Weapon                Hexes/Charms                 3
   e - Regeneration                   Charms/Necromancy            3


   Skills:
 - Level 2.0 Fighting
 + Level 3.6 Polearms
 - Level 0.7 Armour
 - Level 0.7 Dodging
 + Level 4.7 Spellcasting
 + Level 4.5 Charms


You had 7 spell levels left.
You knew the following spells:

 Your Spells              Type           Power        Failure   Level  Hunger
a - Infusion              Chrm           ###.         6%          1    N/A
b - Shroud of Golubria    Chrm/Tloc      ##........   21%         2    N/A
c - Spectral Weapon       Hex/Chrm       ##......     41%         3    N/A
r - Song of Slaying       Chrm           ###.....     10%         2    N/A

Dungeon Overview and Level Annotations

Branches:
Dungeon (5/15)
 Temple: D:4-7

Altars:
Cheibriados


Innate Abilities, Weirdness & Mutations

You do not eat or drink.
Your flesh is vulnerable to fire.
You are immune to poison.
Your flesh is cold resistant. (rC+)
You are immune to negative energy. (rN+++)
You are immune to unholy pain and torment.
You can survive without breathing.


Message History

You hit the ogre.
You kill the ogre!
The centaur hits you but does no damage.
You hit the centaur.
The centaur is lightly wounded.
Your spectral weapon hits the centaur from afar.
The centaur hits you but does no damage.
The adder misses you.
The centaur hits you but does no damage.
You hit the centaur.
The centaur is heavily wounded.
Your spectral weapon barely misses the centaur.
The adder bites you but does no damage.
The centaur hits you but does no damage.
The adder bites you but does no damage.
You closely miss the centaur.
The centaur is heavily wounded.
Your spectral weapon hits the centaur from afar.
The centaur hits you!
You die...

#..##......####
..#...O...(......
.......(#<...(..(
###...#.(..######
#.........#
#...####..# #..)
...# #..S### .#.#
...#c@(##....# .
...###(.##.#.#
... ##.# #
.....####.##...#
.......<.........
.....####.###.#.#
... #.# . #.# #..


You could see a centaur, an adder and a friendly spectral spear.

Vanquished Creatures
  A sky beast (D:4)
  2 ogres
  A crimson imp (D:2)
  An orc priest (D:3)
  Jessica (D:2)
  2 worker ants (D:4)
  9 adders
  3 gnolls (D:4)
  3 worms
  A dart slug (D:1)
  2 leopard geckos (D:2)
  7 orcs
  11 bats
  5 giant cockroaches
  7 goblins
  6 hobgoblins
  4 jackals
  A quokka (D:4)
  3 ball pythons
  6 frilled lizards
  11 kobolds
  9 rats
96 creatures vanquished.

Vanquished Creatures (others)
  A spectral weapon (D:5)
1 creature vanquished.

Grand Total: 97 creatures vanquished

Notes
Turn   | Place    | Note
-------+----------+-------------------------------------------
     0 | D:1      | Alarkh the Mummy Skald began the quest for the Orb.
     0 | D:1      | Reached XP level 1. HP: 16/16 MP: 3/3
   134 | D:2      | Reached XP level 2. HP: 22/22 MP: 1/5
   149 | D:2      | Learned a level 2 spell: Shroud of Golubria
   152 | D:2      | Learned a level 2 spell: Song of Slaying
   160 | D:2      | Noticed Jessica
   197 | D:2      | Killed Jessica
   197 | D:2      | Reached XP level 3. HP: 27/27 MP: 0/6
   815 | D:2      | Reached XP level 4. HP: 33/33 MP: 5/8
  1184 | D:1      | Learned a level 3 spell: Spectral Weapon
  2201 | D:3      | Reached XP level 5. HP: 26/38 MP: 3/10
  3303 | D:3      | Found a faded altar of an unknown god.
  3436 | D:3      | Became a worshipper of Cheibriados the Contemplative
  3436 | D:3      | Reached * piety under Cheibriados
  3436 | D:3      | Fell from the grace of Cheibriados
  3960 | D:4      | Reached XP level 6. HP: 36/44 MP: 3/11
  4284 | D:4      | Noticed a sky beast
  4319 | D:4      | Killed a sky beast
  4368 | D:4      | Reached XP level 7. HP: 35/50 MP: 2/13
  4561 | D:5      | Entered Level 5 of the Dungeon
  4619 | D:5      | Slain by a centaur

Vault maps used:
D:1:      dpeg_arrival_boxorama, minmay_crystal_room,
          minmay_misc_feat_nine_boxes
D:2:      hex_medium, uniq_jessica
D:3:      ecumenical_altar_1
D:4:      dk_noncrumbling_2
D:5:      first_bread, dk_rats_in_the_wall

Skill      XL: |  1  2  3  4  5  6 |
---------------+-------------------+-----
Polearms       | 2 3 |  3.6
Charms         | 3 4 |  4.5
Spellcasting   | 3 4 |  4.7
Fighting       | |  2.0
Armour         | |  0.7
Dodging        | |  0.7

Action                   |  1- 3 |  4- 6 |  7- 9 || total
-------------------------+-------+-------+-------++-------
Melee: Spear             |    76 |   324 |    14 ||   414
 Cast: Infusion          |    10 |    36 |       ||    46
       Song of Slaying   |       |    12 |     1 ||    13
       Spectral Weapon   |       |     6 |     2 ||     8
       Shroud of Golubri |       |     1 |       ||     1
Invok: Renounce Religion |       |     1 |       ||     1
  Use: Scroll            |       |     3 |       ||     3
 Stab: Sleeping          |     1 |       |       ||     1
       Distracted        |       |     1 |       ||     1
Armor: Leather armour    |    14 |    79 |       ||    93
       Ring mail         |       |    15 |    10 ||    25
Dodge: Dodged            |    34 |   192 |     7 ||   233
